 Dungeon Crawl Stone Soup version 0.17-a0-1528-gfee3901 (webtiles) character file.

405788 ololoev the Necromancer (level 22, -5/161 HPs)
             Began as a Vampire Air Elementalist on July 14, 2015.
             Was the Champion of Ru.
             Slain by a fire giant
             ... wielding a +3 great sword of flaming
              (17 damage)
             ... on level 5 of the Vaults on July 15, 2015.
             The game lasted 05:35:07 (63525 turns).

ololoev the Necromancer (Vampire Air Elementalist) Turns: 63525, Time: 05:35:07

Health: -5/161     AC: 20    Str:  7    XL:     22   Next: 37%
Magic:  32/49      EV: 24    Int: 27    God:    Ru [******]
Gold:   2448       SH:  9    Dex: 22    Spells: 8 memorised, 14 levels left

rFire  + . .     SeeInvis +     a - +9 spear (pain)
rCold  . . .     Clarity  +     O - +3 troll leather armour {Snorg}
rNeg   . . .     SustAt   .     L - +2 buckler
rPois  +         Gourm    .     h - +3 hat of Pondering {ponderous, MR+ MP+10 Int+5}
rElec  +         Spirit   .     G - +0 cloak of the Demon Prince {Regen+}
rCorr  .         Warding  .     Y - +3 pair of gauntlets of War {Slay+5}
rMut   .         Stasis   .     (no boots)
MR     +++..                    t - amulet "Egeiseif" {rElec Regen+}
Stlth  ..........               D - +2 ring of protection
                                P - ring "Emmiyg" {rElec rPois Dex+4}

@: exhausted, no scrolls, regenerating, repel missiles, drained, slow, extremely
resistant to hostile enchantments, extremely unstealthy
A: fangs 3, rugged brown scales 1, see invisible, clarity, fire resistance 1,
screaming 1, weak 1, wild magic 1, unbreathing, inability to read while
threatened, no stealth, no earth magic, no hexes magic, no summoning magic,
unskilled 1, inexperienced 1
a: Draw Out Power, Power Leap, Apocalypse, Renounce Religion
}: 2/15 runes: barnacled, gossamer


Innate Abilities, Weirdness & Mutations

Your natural rate of healing is unusually fast.
You have razor-sharp teeth.
You have supernaturally acute eyesight.
You occasionally shout uncontrollably at your foes.
You are weak. (Str -2)
You can survive without breathing.
You cannot read scrolls while threatened.
You cannot be stealthy.
You cannot study or cast Earth magic.
You cannot study or cast Hexes magic.
You cannot study or cast Summoning magic.
You are somewhat unskilled (-1 Apt).
You are somewhat inexperienced (-2 XL).
You are partially covered in rugged brown scales (AC +1, +3% HP).
You possess an exceptional clarity of mind.
Your flesh is heat resistant.
Your spells are a little harder to cast, but a little more powerful.

Inventory:

Hand weapons
 a - a +9 spear of pain (weapon)
 w - a +5 demon trident of flaming
 E - a +6 demon trident of draining
Armour
 h - the +3 hat of Pondering (worn) {ponderous, MR+ MP+10 Int+5}
   (You took it off Gastronok on level 8 of the Dungeon)

   It affects your intelligence (+5).
   It affects your resistance to hostile enchantments.
   It affects your magic capacity (+10).
 G - the +0 cloak of the Demon Prince (worn) {Regen+}
   (You acquired it on level 4 of the Lair of Beasts)

   It increases your rate of regeneration.
 L - a +2 buckler (worn)
 N - a +2 ice dragon armour
 O - a +3 troll leather armour (worn) {Snorg}
 Y - the +3 pair of gauntlets of War (worn) {Slay+5}
   (You acquired it on level 3 of the Vaults)

   It affects your accuracy and damage with ranged weapons and melee attacks
   (+5).
Magical staves
 b - an uncursed staff of death
 Q - an uncursed staff of wizardry
Jewellery
 i - an uncursed ring of protection from cold
 t - the amulet "Egeiseif" (around neck) {rElec Regen+}
   (You found it on level 4 of the Vaults)

   [amulet of regeneration]

   It insulates you from electricity.
   It increases your rate of regeneration.
 B - an uncursed amulet of resist mutation
 D - a +2 ring of protection (right hand)
 P - the ring "Emmiyg" (left hand) {rElec rPois Dex+4}
   (You bought it in a shop on level 4 of the Orcish Mines)

   [ring of dexterity]

   It affects your dexterity (+4).
   It insulates you from electricity.
   It protects you from poison.
 T - an uncursed ring of teleportation
Magical devices
 s - a wand of draining (0)
 A - a wand of digging (8)
Scrolls
 e - 12 scrolls of recharging
 g - 4 scrolls of magic mapping
 o - 3 scrolls of immolation
 p - 7 scrolls of amnesia
 q - 6 scrolls of fear
 u - 10 scrolls of fog
 y - 4 scrolls of blinking
 H - 4 scrolls of teleportation
 I - a scroll of summoning
 K - 18 scrolls of remove curse
 M - 16 scrolls of identify
Potions
 c - 2 potions of brilliance
 d - 7 potions of resistance
 j - 3 potions of magic
 k - 2 potions of might
 l - a potion of cure mutation
 m - 2 potions of cancellation
 n - 11 potions of curing
 v - 14 potions of blood
 S - 2 potions of heal wounds
 U - 2 potions of haste
 W - a potion of invisibility
Books
 f - a book of Death

   Spells                             Type                      Level
   a - Corpse Rot                     Necromancy                   2
   b - Sublimation of Blood           Necromancy                   2
   c - Agony                          Necromancy                   5
   d - Dispel Undead                  Necromancy                   5
   e - Excruciating Wounds            Charms/Necromancy            5
   f - Bolt of Draining               Conjuration/Necromancy       5
 r - a book of Unlife

   Spells                             Type                      Level
   a - Recall                         Summoning/Translocation      3
   b - Animate Dead                   Necromancy                   4
   c - Control Undead                 Necromancy                   4
   d - Cigotuvi's Embrace             Necromancy                   5
   e - Death Channel                  Necromancy                   6
   f - Simulacrum                     Ice/Necromancy               6
Miscellaneous
 x - a lamp of fire
 C - a box of beasts {used: 2}
 F - a phial of floods
 J - a fan of gales (inert)
 V - a sack of spiders {used: 1}
 X - a box of beasts


   Skills:
 + Level 9.5(8.2) Fighting
 - Level 14.4(12.9) Polearms
 + Level 9.4(8.1) Armour
 + Level 15.0(13.5) Dodging
   Level 0.0 Stealth
 * Level 9.4(8.1) Shields
 + Level 13.1(11.6) Spellcasting
 - Level 1.0(0.0) Conjurations
 + Level 18.5(16.9) Necromancy
 - Level 12.8(11.3) Ice Magic
 - Level 11.2(9.8) Air Magic
 - Level 5.1(3.9) Evocations


You had 14 spell levels left.
You knew the following spells:

 Your Spells              Type           Power        Failure   Level  Hunger
a - Regeneration          Chrm/Necr      #######...   2%          3    None
b - Repel Missiles        Chrm/Air       ######       4%          2    None
c - Swiftness             Chrm/Air       ######..     4%          2    None
d - Simulacrum            Ice/Necr       #######...   5%          6    #####..
e - Agony                 Necr           ########     1%          5    ###....
f - Dispel Undead         Necr           ########     1%          5    ###....
g - Animate Dead          Necr           N/A          1%          4    None
h - Freezing Cloud        Conj/Ice/Air   ######....   67%         6    #####..


You were on level 5 of the Vaults.
You worshipped Ru.
Ru was exalted by your worship.
You were very full.

You visited 10 branches of the dungeon, and saw 49 of its levels.
You also visited: Ice Cave.

You collected 6322 gold pieces.
You spent 3874 gold pieces at shops.

# #.#....#
#.#....#
#.#....#
#.#....#
#.#....#
#.#....#
#.#.)E.#
#.CX)#
#)D@)#
#.)()#
#.H))#
#..Dp#
#.)).#
#..).#
#.C).# #
#..p.# ..#.
#.#....##.#.

Notes
Turn   | Place    | Note
--------------------------------------------------------------
     0 | D:1      | ololoev the Vampire Air Elementalist began the quest for the Orb.
     0 | D:1      | Reached XP level 1. HP: 13/13 MP: 3/3
   415 | D:1      | Found a sparkling altar of Nemelex Xobeh.
   442 | D:1      | Reached XP level 2. HP: 11/19 MP: 0/5
  1031 | D:2      | Reached XP level 3. HP: 24/24 MP: 4/7
  1099 | D:1      | Reached skill level 4 in Air Magic
  1330 | D:2      | Reached XP level 4. HP: 18/30 MP: 0/8
  1421 | D:2      | Learned a level 2 spell: Repel Missiles
  1424 | D:2      | Learned a level 2 spell: Swiftness
  2299 | D:3      | Reached XP level 5. HP: 33/35 MP: 3/10
  2438 | D:3      | Noticed Grinder
  2454 | D:3      | Paralysed by Grinder for 3 turns
  2472 | D:3      | Killed Grinder
  2472 | D:3      | Reached skill level 5 in Air Magic
  2472 | D:3      | Reached XP level 6. HP: 8/41 MP: 0/12
  2715 | D:3      | Noticed urechis's ghost (weakling OgGl)
  2732 | D:3      | Killed urechis's ghost
  2918 | D:3      | Reached skill level 5 in Spellcasting
  2918 | D:3      | Reached skill level 6 in Air Magic
  2918 | D:3      | Reached XP level 7. HP: 34/46 MP: 6/14
  3478 | D:3      | Noticed an ogre
  3697 | D:3      | Reached skill level 7 in Air Magic
  4365 | D:3      | Reached skill level 1 in Polearms
  4426 | D:3      | Reached XP level 8. HP: 52/52 MP: 9/17
  4702 | D:3      | Killed an ogre
  4702 | D:3      | Reached skill level 1 in Conjurations
  4890 | D:3      | Learned a level 6 spell: Simulacrum
  5167 | D:4      | Reached skill level 1 in Necromancy
  5517 | D:4      | Gained mutation: Your spells are a little harder to cast, but a little more powerful. [potion of mutation]
  5517 | D:4      | Gained mutation: You are dopey. (Int -2) [potion of mutation]
  5517 | D:4      | Gained mutation: You are partially covered in iridescent scales (AC +4). [potion of mutation]
  5518 | D:4      | Found an iron altar of Okawaru.
  6170 | D:5      | Entered Level 5 of the Dungeon
  7162 | D:5      | Found Kenn's Food Shoppe.
  7668 | D:6      | Found a burning altar of Makhleb.
  7671 | D:6      | Found a shadowy altar of Dithmenos.
  7838 | D:6      | Reached XP level 9. HP: 53/57 MP: 8/18
  8183 | D:6      | Reached skill level 5 in Necromancy
  8666 | D:7      | Found a staircase to the Ecumenical Temple.
  8680 | Temple   | Entered the Ecumenical Temple
  8736 | Temple   | Became a worshipper of Ru the Awakened
  8914 | D:7      | Reached skill level 5 in Polearms
  9216 | D:7      | Found a bloodstained altar of Trog.
  9216 | D:7      | Found a glowing golden altar of the Shining One.
  9969 | D:8      | Found Qesaj's Book Shop.
 10004 | D:8      | Upgraded the game from 0.17-a0-1522-g6c5b4ba to 0.17-a0-1528-gfee3901
 10005 | D:8      | Found a staircase to the Lair.
 10137 | D:8      | Noticed a kobold demonologist
 10170 | D:8      | Killed a kobold demonologist
 10341 | D:8      | Found a deep blue altar of Sif Muna.
 10361 | D:8      | Reached skill level 5 in Stealth
 10428 | D:8      | Noticed Gastronok
 10791 | D:8      | Noticed a hill giant
 10834 | D:8      | Killed a hill giant
 10842 | D:8      | Gained mutation: You cannot be stealthy. [Ru sacrifice]
 11514 | D:9      | Found a sparkling altar of Nemelex Xobeh.
 11925 | D:9      | Found Yddaecw's Food Boutique.
 12280 | D:9      | Reached XP level 10. HP: 46/63 MP: 14/19
 12694 | D:8      | Found a staircase to the Lair.
 12830 | D:8      | Found Qesaj's Book Shop.
 12944 | D:8      | Killed Gastronok
 12944 | D:8      | Reached skill level 9 in Necromancy
 12967 | D:8      | Learned a level 5 spell: Agony
 13249 | D:8      | Found a deep blue altar of Sif Muna.
 14114 | D:9      | Found an opulent altar of Gozag.
 14115 | D:9      | Noticed Prince Ribbit
 14120 | D:9      | Killed Prince Ribbit
 14206 | D:9      | Found a stormy altar of Qazlal.
 14345 | D:10     | Entered Level 10 of the Dungeon
 14642 | D:10     | Gained mutation: You cannot study or cast Earth magic. [Ru sacrifice]
 14642 | D:10     | Gained mutation: You cannot study or cast Hexes magic. [Ru sacrifice]
 14642 | D:10     | Gained mutation: You cannot study or cast Summoning magic. [Ru sacrifice]
 14642 | D:10     | Acquired Ru's first power
 14642 | D:10     | Acquired Ru's second power
 14934 | D:11     | Noticed namelastname112's ghost (powerful DrSk)
 15184 | Lair:1   | Entered Level 1 of the Lair of Beasts
 15190 | Lair:1   | Reached skill level 10 in Necromancy
 15249 | Lair:1   | Found a frozen archway.
 15266 | Lair:1   | Reached XP level 11. HP: 68/68 MP: 20/20
 15343 | IceCv    | Entered an ice cave
 15925 | Lair:1   | Gained mutation: You evolve. [potion of mutation]
 15925 | Lair:1   | Gained mutation: You are clumsy. (Dex -2) [potion of mutation]
 15925 | Lair:1   | Gained mutation: Your muscles are strong. (Str +2) [potion of mutation]
 16042 | Lair:1   | Reached skill level 11 in Necromancy
 16177 | Lair:1   | Got a crystal spear
 16375 | Lair:1   | Noticed an eight-headed hydra
 16382 | Lair:1   | Killed an eight-headed hydra
 16382 | Lair:1   | Reached skill level 10 in Polearms
 16651 | Lair:2   | Identified the +3 spear of the Shark {pierce, rF+ Int+4 Dex+4} (You found it on level 1 of the Lair of Beasts)
 17855 | Lair:3   | Noticed Maud
 17862 | Lair:3   | Killed Maud
 17862 | Lair:3   | Reached skill level 12 in Necromancy
 17908 | Lair:3   | Reached XP level 12. HP: 70/74 MP: 17/23
 18341 | Lair:3   | Noticed a six-headed hydra
 18347 | Lair:3   | Killed a six-headed hydra
 18621 | Lair:3   | Gained mutation: You are partially covered in rugged brown scales (AC +1, +3% HP). [evolution]
 18720 | Lair:4   | Noticed an eight-headed hydra
 18750 | Lair:4   | Killed an eight-headed hydra
 18757 | Lair:4   | Noticed namelastname112's ghost (powerful DrSk)
 18817 | Lair:3   | Learned a level 5 spell: Dispel Undead
 18852 | Lair:4   | Killed namelastname112's ghost
 18910 | Lair:4   | Identified a scroll of acquirement
 18911 | Lair:4   | Got a warped cloak
 18917 | Lair:4   | Identified the +0 cloak of the Demon Prince {Regen+} (You acquired it on level 4 of the Lair of Beasts)
 18967 | Lair:4   | Gained mutation: You cannot read scrolls while threatened. [Ru sacrifice]
 18967 | Lair:4   | Acquired Ru's third power
 19373 | Lair:4   | Noticed a five-headed hydra
 19494 | Lair:4   | Found a staircase to the Shoals.
 19761 | Lair:4   | Reached skill level 1 in Ice Magic
 19782 | Lair:4   | Noticed a four-headed hydra
 19783 | Lair:4   | Reached skill level 13 in Necromancy
 19791 | Lair:4   | Killed a five-headed hydra
 19798 | Lair:4   | Killed a four-headed hydra
 20275 | Lair:5   | Noticed a five-headed hydra
 20281 | Lair:5   | Killed a five-headed hydra
 20795 | Lair:5   | Found a hole to the Spider Nest.
 20886 | Lair:5   | Reached XP level 13. HP: 74/81 MP: 12/26
 20950 | Lair:5   | Noticed Nessos
 20955 | Lair:5   | Killed Nessos
 21347 | Lair:6   | Gained mutation: You are somewhat unskilled (-1 Apt). [Ru sacrifice]
 21347 | Lair:6   | Reduced skill Polearms to level 10
 21347 | Lair:6   | Reduced skill Necromancy to level 12
 21347 | Lair:6   | Acquired Ru's fourth power
 22484 | Lair:7   | Lost mutation: Your muscles are strong. (Str +2) [Ru sacrifice]
 22484 | Lair:7   | Gained mutation: You are weak. (Str -2) [Ru sacrifice]
 22484 | Lair:7   | Acquired Ru's fifth power
 22719 | Lair:7   | Noticed Snorg
 22726 | Lair:7   | Killed Snorg
 23298 | Lair:7   | Found a viscous altar of Jiyva.
 23298 | Lair:7   | Found a staircase to the Slime Pits.
 23436 | Lair:8   | Entered Level 8 of the Lair of Beasts
 23594 | Lair:8   | Reached skill level 13 in Necromancy
 23604 | Lair:8   | Reached skill level 1 in Armour
 24004 | Lair:8   | Reached skill level 5 in Ice Magic
 24160 | Lair:8   | Reached XP level 14. HP: 27/87 MP: 3/27
 24382 | Lair:8   | Got a dazzling triple crossbow
 24383 | Lair:8   | Identified the +6 triple crossbow of Poverty {elec, rF+} (You found it on level 8 of the Lair of Beasts)
 26047 | D:11     | Killed namelastname112's ghost
 26177 | D:11     | Noticed Nergalle
 26790 | D:11     | Noticed a purple ugly thing
 26795 | D:11     | Killed a purple ugly thing
 26912 | D:11     | Killed Nergalle
 27310 | D:11     | Gained mutation: Your flesh is heat resistant. [evolution]
 28651 | D:12     | Found a staircase to the Orcish Mines.
 29173 | D:13     | Reached skill level 10 in Spellcasting
 29476 | D:13     | Reached skill level 1 in Evocations
 29518 | D:13     | Found a gate to the Vaults.
 30754 | D:14     | Found a roughly hewn altar of Beogh.
 30768 | D:14     | Reached XP level 15. HP: 88/92 MP: 29/29
 30921 | D:14     | Reached skill level 1 in Shields
 31367 | D:15     | Entered Level 15 of the Dungeon
 31567 | D:15     | Reached skill level 14 in Necromancy
 31841 | D:15     | Found a portal to a secret trove of treasure.
 31916 | D:15     | Found a staircase to the Depths.
 32446 | Orc:1    | Entered Level 1 of the Orcish Mines
 32455 | Orc:1    | Noticed Harold
 32526 | Orc:1    | Noticed Fannar
 32526 | Orc:1    | Killed Harold
 32532 | Orc:1    | Killed Fannar
 33337 | Orc:2    | Found a bloodstained altar of Trog.
 33697 | Orc:3    | Gained mutation: You occasionally shout uncontrollably at your foes. [Ru sacrifice]
 34238 | Orc:4    | Entered Level 4 of the Orcish Mines
 34353 | Orc:4    | Found Joenus's Gadget Boutique.
 34379 | Orc:4    | Found a roughly hewn altar of Beogh.
 34452 | Orc:4    | Noticed Josephine
 34466 | Orc:4    | Killed Josephine
 34466 | Orc:4    | Reached skill level 5 in Armour
 34670 | Orc:4    | Found Izaorgh's Antique Weapon Shoppe.
 34670 | Orc:4    | Found Vayn's Assorted Antiques.
 34839 | Orc:4    | Gained mutation: Potions and wands are less effective at restoring your health. [evolution]
 34840 | Orc:4    | Lost mutation: You are partially covered in iridescent scales (AC +4). [potion of cure mutation]
 34840 | Orc:4    | Lost mutation: Your spells are a little harder to cast, but a little more powerful. [potion of cure mutation]
 34840 | Orc:4    | Lost mutation: You are clumsy. (Dex -2) [potion of cure mutation]
 34840 | Orc:4    | Lost mutation: You are dopey. (Int -2) [potion of cure mutation]
 34840 | Orc:4    | Lost mutation: Potions and wands are less effective at restoring your health. [potion of cure mutation]
 34917 | Orc:4    | Found Soemmyaz's Jewellery Emporium.
 34920 | Orc:4    | Found Mavvy's Jewellery Emporium.
 34952 | Orc:4    | Bought a warped trident for 289 gold pieces
 34953 | Orc:4    | Bought a short silver wand for 128 gold pieces
 34954 | Orc:4    | Identified the +11 trident of Torin {antimagic, *Drain rC++ rN+ Stlth+} (You bought it in a shop on level 4 of the Orcish Mines)
 34959 | Orc:4    | Bought the ring "Emmiyg" {rElec rPois Dex+4} for 587 gold pieces
 34976 | Orc:4    | Found a staircase to the Elven Halls.
 35618 | Spider:1 | Entered Level 1 of the Spider Nest
 36065 | Spider:1 | Got a jet-encrusted chain mail
 36066 | Spider:1 | Identified the +9 chain mail "Vusaath" {Str+4 SInv} (You found it on level 1 of the Spider Nest)
 36734 | Spider:2 | Noticed Aizul
 36746 | Spider:2 | Killed Aizul
 36839 | Spider:2 | Reached skill level 5 in Shields
 37013 | Spider:2 | Reached XP level 16. HP: 78/98 MP: 30/30
 37021 | Spider:2 | Learned a level 4 spell: Animate Dead
 37881 | Spider:3 | Gained mutation: You are somewhat inexperienced (-2 XL). [Ru sacrifice]
 37881 | Spider:3 | Reached XP level 15. HP: 42/93 MP: 39/39
 37881 | Spider:3 | Reached XP level 14. HP: 42/88 MP: 38/38
 38088 | Spider:3 | Reached skill level 1 in Fighting
 38299 | Spider:3 | Reached skill level 5 in Dodging
 38553 | Shoals:1 | Entered Level 1 of the Shoals
 38880 | Shoals:1 | Gained mutation: Your spells are a little harder to cast, but a little more powerful. [evolution]
 39046 | Shoals:1 | Got a steaming iron ring
 39047 | Shoals:1 | Identified the ring of Zitux {*Contam +Inv rElec rF+} (You found it on level 1 of the Shoals)
 39152 | Shoals:1 | Reached skill level 5 in Evocations
 40420 | Spider:4 | Entered Level 4 of the Spider Nest
 40423 | Spider:4 | Noticed Kirke
 40423 | Spider:4 | Noticed an emperor scorpion
 40494 | Spider:4 | Killed an emperor scorpion
 40501 | Spider:4 | Reached XP level 15. HP: 98/98 MP: 26/30
 40506 | Spider:4 | Killed Kirke
 40804 | Spider:3 | Reached skill level 15 in Necromancy
 41029 | Spider:4 | Noticed a ghost moth
 41167 | Spider:4 | Killed a ghost moth
 41435 | Spider:4 | Lost mutation: You evolve. [evolution]
 41486 | Spider:4 | Noticed an emperor scorpion
 41496 | Spider:4 | Noticed an emperor scorpion
 41500 | Spider:4 | Killed an emperor scorpion
 41507 | Spider:4 | Killed an emperor scorpion
 41588 | Spider:4 | Noticed an emperor scorpion
 41601 | Spider:4 | Killed an emperor scorpion
 41705 | Spider:4 | Noticed a ghost moth
 41716 | Spider:4 | Killed a ghost moth
 41730 | Spider:4 | Noticed a ghost moth
 41739 | Spider:4 | Killed a ghost moth
 41760 | Spider:4 | Got a gossamer rune of Zot
 43053 | Shoals:4 | Entered Level 4 of the Shoals
 43110 | Shoals:4 | Noticed Ilsuiw
 43123 | Shoals:3 | Reached XP level 16. HP: 58/108 MP: 14/31
 43401 | Shoals:4 | Killed Ilsuiw
 44025 | Shoals:4 | Noticed a kraken
 44146 | Shoals:4 | Noticed a kraken
 44151 | Shoals:4 | Killed a kraken
 44295 | Shoals:4 | Got a barnacled rune of Zot
 45045 | Elf:1    | Entered Level 1 of the Elven Halls
 45045 | Elf:1    | Found Lineh's Assorted Antiques.
 45376 | Elf:1    | Identified the Volume of Stolen Souls
 45424 | Elf:1    | Reached skill level 16 in Necromancy
 46266 | Elf:2    | Found a deep blue altar of Sif Muna.
 46463 | Elf:2    | Identified a -2 rod of the swarm (3/12) (You took it off a vampire mage on level 2 of the Elven Halls)
 46509 | Elf:2    | Reached XP level 17. HP: 113/116 MP: 32/32
 46630 | Elf:2    | Found a huge runed gate.
 46630 | Elf:2    | Found a huge runed gate.
 46630 | Elf:2    | Found a huge runed gate.
 46669 | Elf:3    | Entered Level 3 of the Elven Halls
 46930 | Elf:3    | Reached skill level 10 in Dodging
 47132 | Elf:2    | Got a heavily runed golden ring
 47133 | Elf:2    | Got a transparent spear {antimagic}
 47134 | Elf:2    | Identified the ring of Goschewuth {*Corrode +Blink rC+ rN+ Dex+5} (You took it off a deep elf demonologist on level 2 of the Elven Halls)
 47140 | Elf:2    | Identified the +5 spear of the Stork {antimagic, +Rage +Inv Dex+4} (You took it off a deep elf demonologist on level 2 of the Elven Halls)
 47273 | Elf:3    | Got a crude copper ring
 47275 | Elf:3    | Identified the ring of Enetra Sath {rPois Stlth+} (You took it off a deep elf demonologist on level 3 of the Elven Halls)
 47343 | Elf:3    | Noticed a Hell Sentinel
 47426 | Elf:3    | Found Vadevooc's Antique Weapon Shop.
 47515 | Elf:3    | Got a scorched dagger
 47516 | Elf:3    | Identified the +2 dagger "Killer Klown's Regret" {antimagic, +Blink rElec Str+3} (You took it off a deep elf priest on level 3 of the Elven Halls)
 47626 | Elf:3    | Learned a level 6 spell: Freezing Cloud
 47717 | Elf:3    | Reached skill level 5 in Fighting
 48213 | Elf:3    | Noticed an Ice Fiend
 48537 | Elf:3    | Identified the Papyrus of the Soldier
 48546 | Elf:3    | Learned a level 3 spell: Regeneration
 48565 | Elf:3    | Identified the Papyrus of Companions and Clay
 49163 | Slime:1  | Entered Level 1 of the Pits of Slime
 49968 | Slime:1  | Reached skill level 10 in Ice Magic
 49974 | Slime:1  | HP: 4/118 [slime creature (10)]
 50297 | Slime:1  | Reached XP level 18. HP: 116/124 MP: 34/34
 50940 | Vaults:1 | Entered Level 1 of the Vaults
 51713 | Vaults:1 | Found Orghatwi's Antique Armour Shoppe.
 51725 | Vaults:1 | Bought a heavily runed leather armour for 196 gold pieces
 51725 | Vaults:1 | Identified the +3 leather armour of the Blizzard {rF+ Str+6} (You bought it in a shop on level 1 of the Vaults)
 51878 | Vaults:1 | Got a jewelled chain mail
 51879 | Vaults:1 | Identified the +5 chain mail "Loix" {rC+ rN++ Slay-4 SInv} (You found it on level 1 of the Vaults)
 52231 | Vaults:1 | Found a deep blue altar of Sif Muna.
 52480 | Vaults:1 | Reached skill level 17 in Necromancy
 53177 | Vaults:2 | Reached XP level 19. HP: 31/133 MP: 12/35
 54092 | Vaults:2 | Noticed Donald
 54106 | Vaults:2 | Killed Donald
 54411 | Vaults:2 | Gained mutation: You possess an exceptional clarity of mind. [potion of beneficial mutation]
 54867 | Vaults:2 | Reached skill level 10 in Air Magic
 54928 | Vaults:2 | Identified the Volume of Arcane Weapons
 55603 | Vaults:3 | Reached XP level 20. HP: 143/143 MP: 22/36
 55635 | Vaults:3 | Found Dapimer's Magic Scroll Shop.
 55653 | Vaults:3 | Bought a scroll of enchant armour for 105 gold pieces
 55653 | Vaults:3 | Bought a scroll of enchant armour for 105 gold pieces
 55653 | Vaults:3 | Bought a scroll of brand weapon for 280 gold pieces
 55653 | Vaults:3 | Bought 3 scrolls of acquirement for 2184 gold pieces
 55814 | Vaults:3 | Found a staircase to the Crypt.
 57147 | Crypt:1  | Entered Level 1 of the Crypt
 57164 | Crypt:1  | Noticed Boris
 57197 | Crypt:1  | Killed Boris
 57497 | Crypt:1  | Got a smoking dagger
 57498 | Crypt:1  | Identified the +7 dagger of the Tomato {pierce, Int+3 Dex+4} (You found it on level 1 of the Crypt)
 57516 | Crypt:1  | Noticed Jory
 57521 | Crypt:1  | Killed Jory
 59372 | Crypt:3  | Entered Level 3 of the Crypt
 59443 | Crypt:3  | Noticed Mennas
 59461 | Crypt:3  | Killed Mennas
 59736 | Crypt:3  | Found an ancient bone altar of Kikubaaqudgha.
 60244 | Vaults:4 | Reached XP level 21. HP: 51/152 MP: 15/37
 61368 | Crypt:3  | Found a staircase to the Tomb.
 61370 | Crypt:3  | Reached skill level 18 in Necromancy
 61791 | Crypt:3  | Got a fine wooden ring
 61802 | Crypt:3  | Identified the ring of the Moon {rPois MR- Int+3 SInv} (You found it on level 3 of the Crypt)
 61808 | Crypt:3  | Got a warped bronze ring
 61809 | Crypt:3  | Identified the ring of the Little Devil {SustAt SInv} (You acquired it on level 3 of the Crypt)
 62705 | Vaults:4 | Got an ancient demon blade
 62712 | Vaults:4 | Identified the +10 demon blade of Gravity {elec, *Confuse rC+ Dex+7 SInv} (You took it off a vault warden on level 4 of the Vaults)
 62784 | Vaults:4 | Identified the Reference Book on the Unstable Voyage
 62883 | Vaults:4 | Got a transparent emerald amulet
 62884 | Vaults:4 | Identified the amulet "Egeiseif" {rElec Regen+} (You found it on level 4 of the Vaults)
 63153 | Vaults:4 | Noticed Margery
 63167 | Vaults:4 | Killed Margery
 63425 | Vaults:5 | Entered Level 5 of the Vaults
 63429 | Vaults:5 | Reached XP level 22. HP: 129/161 MP: 38/38
 63474 | Vaults:5 | Reached skill level 15 in Dodging
 63525 | Vaults:5 | Slain by a fire giant

Dungeon Overview and Level Annotations

Branches:
Dungeon (15/15)            Temple (1/1) D:7            Lair (8/8) D:8
 Shoals (4/4) Lair:4       Spider (4/4) Lair:5        Slime (2/6) Lair:7
    Orc (4/4) D:12            Elf (3/3) Orc:4        Vaults (5/5) D:13
  Crypt (3/3) Vaults:3       Tomb (0/3) Crypt:3      Depths (0/5) D:15

Altars:
Ashenzari
Dithmenos
Elyvilon
Fedhas
Gozag
Kikubaaqudgha
Makhleb
Nemelex Xobeh
Okawaru
Qazlal
Ru
Sif Muna
Trog
Vehumet
Xom
The Shining One
Beogh
Jiyva

Shops:
D:5 %   D:8 :   D:9 %   Orc:4 }==*(   Elf:1 *   Elf:3 (   Vaults:1 [
Vaults:3 ?

Portals:
Trove: D:15 (give +4 ice dragon armour)

Annotations:
Elf:2 3 runed doors


Message History

A tengu reaver comes into view. It is wielding a great mace.
The helpless stone giant fails to defend itself.
You impale the stone giant!!
The stone giant is moderately wounded.
Your air elemental completely misses the large abomination.
The orc knight begins to attack, but is stunned by your will!
Your air elemental completely misses the large abomination.
The yaktaur completely misses you.
Use which ability? (? or * to list)
You reveal the great annihilating truth to your foes!
You kill the vault guard!
The shadow dragon slows down under the weight of truth!
You kill the ogre!
You kill the stone giant!
You kill the yaktaur!
You kill the yaktaur!
The fire giant slows down under the weight of truth!
You kill the vault guard!
Your lamp of fire has recharged.
Your life force feels restored.
The shadow dragon is paralysed by terrible understanding!
The ironheart preserver slows down under the weight of truth!
You kill the vault guard!
You kill the orc knight!
You kill the tengu reaver!
Your phial of floods has recharged.
The frost giant loses its magic into the devouring truth!
You feel drained.
You hear a shout! x3
You hear a roar!
You hear a shout!
You hear a shout!
You hear a shout!
You hear a shout!
You hear a roar!
You hear a shout!
You hear a shout!
You hear a shout! x3
You hear a roar!
You hear a shout!
You hear a shout!
You hear a shout!
You hear a horrible gurgling sound!
You hear a shout!
You hear a shout!
You hear two shouts!
You hear a shout!
You hear a shout!
You hear a shout!
You hear a shout! x3
Your air elemental closely misses the large abomination.
The large abomination hits you!!
Your air elemental barely misses the large abomination.
Your larval oxsting beast hits the shadow dragon but does no damage.
Your larval oxsting beast tramples the shadow dragon but does no damage.
Your larval oxsting beast stings the shadow dragon but does no damage.
The fire giant hits you with a great sword of flaming!
You die...

You could see 2 shadow dragons, an ironheart preserver, a frost giant, a fire giant, a vault guard, a large abomination, a friendly larval oxsting beast and a friendly air elemental.

Vanquished Creatures
  Mennas (Crypt:3)
  Boris (Crypt:1)
  Margery (Vaults:4)
  A profane servitor (Crypt:3)
  Jory (Crypt:1)
  A bone dragon (Crypt:3)
  A tentacled monstrosity (Vaults:4)
  3 liches
  A titan (Vaults:5)
  2 deep elf blademasters (Elf:3)
  6 acid blobs
  A quicksilver dragon (Vaults:5)
  2 deep elf master archers (Elf:3)
  A kraken (Shoals:4)
  2 sphinxes
  Gastronok (D:8)
  Kirke (Spider:4)
  4 ancient champions
  4 tengu reavers
  3 storm dragons
  2 revenants
  2 azure jellies (Slime:1)
  Ilsuiw (Shoals:4)
  2 fire giants
  14 vault wardens
  Donald (Vaults:2)
  Maud (Lair:3)
  5 deep elf sorcerers (Elf:3)
  Aizul (Spider:2)
  3 ghost moths
  5 emperor scorpions
  An orc warlord (Vaults:1)
  2 curse skulls (Crypt:3)
  2 frost giants (Vaults:5)
  3 ghouls
  11 stone giants
  15 ironheart preservers
  The ghost of namelastname112 the Cruncher, a powerful DrSk of Xom (Lair:4)
  Nessos (Lair:5)
  4 salamander stormcallers
  5 deep elf demonologists
  3 deep elf annihilators
  2 eidola
  An ettin (Vaults:5)
  The ghost of namelastname112 the Spear-Bearer, a powerful DrSk of Gozag (D:11)
  4 merfolk javelineers (Shoals:4)
  Snorg (Lair:7)
  7 deep elf death magi
  10 merfolk impalers
  13 yaktaur captains
  A mummy priest (Elf:2)
  34 vault guards
  A crystal guardian (Vaults:4)
  3 deep elf high priests
  2 death cobs (Crypt:3)
  3 entropy weavers
  18 jiangshi
  A great orb of eyes (shapeshifter) (Vaults:4)
  A rakshasa (Vaults:2)
  A fire dragon (Vaults:1)
  Fannar (Orc:1)
  2 great orbs of eyes
  Harold (Orc:1)
  8 centaur warriors
  2 ice dragons
  A catoblepas (Lair:6)
  5 merfolk avatars
  5 merfolk aquamancers
  13 hydras
  14 ogre magi
  4 dancing weapons
  A tengu warrior (D:14)
  A deep troll shaman (Vaults:2)
  3 death knights
  2 satyrs (Shoals:1)
  A deep troll earth mage (Vaults:2)
  2 vampire magi (Elf:2)
  6 orc high priests
  11 death yaks
  Nergalle (D:11)
  A soul eater (Crypt:3)
  30 skeletal warriors
  A sea snake (shapeshifter) (Vaults:4)
  7 unseen horrors
  3 shadow wraiths
  5 hell knights
  15 deep elf knights
  5 deep trolls
  2 giant orange brains
  9 sea snakes
  8 deep elf summoners
  6 necromancers
  6 hill giants
  8 flayed ghosts
  An anaconda zombie (Crypt:3)
  14 orc knights
  2 wizards
  A wolf spider zombie (D:13)
  7 orc sorcerers
  20 ironbrand convokers
  11 deep elf conjurers
  24 wolf spiders
  7 hornets
  An iron dragon zombie (Crypt:2)
  4 moths of wrath
  38 ugly things
  16 harpies
  5 phantasmal warriors
  12 cyclopes
  6 griffons
  15 orb spiders
  3 fauns
  2 shining eyes (Slime:1)
  7 manticores
  A hornet (shapeshifter) (Elf:2)
  A moth of wrath (shapeshifter) (Vaults:3)
  6 black mambas
  7 elephants
  2 water nymphs
  13 spiny frogs
  15 sirens
  A guardian serpent (shapeshifter) (Vaults:3)
  2 gargoyles
  5 centaur skeletons
  3 centaur zombies
  22 vault sentinels
  A guardian serpent (Vaults:4)
  2 torpor snails
  An elephant slug zombie (Crypt:2)
  8 kobold demonologists
  A purple draconian zombie (Crypt:2)
  A redback zombie (D:15)
  11 demonic crawlers
  35 yaktaurs
  3 fire drakes
  12 komodo dragons
  5 trolls
  8 deep elf priests
  A guardian mummy (Crypt:1)
  3 tengu conjurers
  2 blink frogs (shapeshifter)
  A polar bear (Lair:1)
  A wind drake (shapeshifter) (Vaults:4)
  A small abomination (Vaults:3)
  21 merfolk
  29 jumping spiders
  A polar bear (shapeshifter) (Vaults:2)
  7 freezing wraiths
  Grinder (D:3)
  Prince Ribbit (D:9)
  10 snapping turtles
  A trapdoor spider zombie (Crypt:1)
  4 wind drakes
  A bog body (Crypt:2)
  2 boulder beetles
  A frost giant simulacrum (Crypt:3)
  A griffon zombie (Crypt:1)
  21 blink frogs
  27 two-headed ogres
  42 slime creatures
  12 wraiths
  21 trapdoor spiders
  A spriggan (D:11)
  14 deep elf magi
  2 spriggans (shapeshifter)
  20 deep elf fighters
  A golden eye (shapeshifter) (Vaults:3)
  44 redbacks
  22 yaks
  53 flying skulls
  8 water elementals
  3 basilisks
  23 tarantellas
  A wyvern (shapeshifter) (Vaults:3)
  2 shadows (Crypt:3)
  A black mamba skeleton (Crypt:2)
  2 wyverns
  7 wargs
  11 hippogriffs
  5 hogs
  2 vampires
  A wolf (shapeshifter) (Vaults:1)
  A deep troll zombie (Crypt:1)
  3 large abominations
  19 water moccasins
  30 vampire mosquitoes
  4 hungry ghosts
  10 wolves
  A faun zombie (Crypt:1)
  3 mottled dragons
  14 porcupines
  23 spiders
  A wasp (Spider:1)
  12 ice beasts
  35 orc warriors
  7 boggarts
  A blink frog zombie (Crypt:1)
  5 necrophages
  A black bear (D:9)
  A sky beast (D:5)
  58 ogres
  2 eyes of draining (D:15)
  10 centaurs
  5 big kobolds
  18 crocodiles
  A phantom (D:8)
  6 elf zombies (Elf:1)
  A yaktaur skeleton (Crypt:2)
  A brain worm (D:14)
  A dryad zombie (Crypt:2)
  28 giant frogs
  A deep troll simulacrum (Vaults:3)
  A wyvern zombie (D:9)
  A gnoll sergeant (D:3)
  2 wyvern skeletons (D:6)
  The ghost of urechis the Cudgeler, a weakling OgGl (D:3)
  4 killer bees
  8 scorpions
  A troll zombie (Crypt:2)
  6 wights
  A hippogriff skeleton (Crypt:1)
  4 crimson imps
  A quasit (D:11)
  9 jellies
  A human zombie (Crypt:1)
  3 hounds
  A wolf skeleton (Crypt:1)
  9 worker ants
  3 giant frog skeletons
  37 orc priests
  3 human skeletons (Crypt:1)
  5 gnoll shamans (D:3)
  10 iguanas
  39 orc wizards
  A crocodile zombie (Crypt:1)
  25 sheep
  A crocodile skeleton (Crypt:2)
  5 mummies (Crypt:1)
  2 hound skeletons (D:9)
  An ogre simulacrum (Crypt:3)
  16 adders
  3 shadow imps
  49 gnolls
  50 river rats
  2 oozes (D:2)
  A worm zombie (Crypt:1)
  An adder zombie (D:6)
  4 worms
  7 giant geckos
  177 orcs
  A bat zombie (D:6)
  6 giant cockroaches
  23 hobgoblins
  28 jackals
  7 quokkas
  16 bats
  A giant gecko skeleton (Crypt:2)
  7 giant newts
  13 goblins
  A jackal zombie (D:7)
  27 kobolds
  13 rats
  A spectral kobold (Crypt:3)
  4 lost souls
  3 tentacles (Shoals:4)
2163 creatures vanquished.

Vanquished Creatures (collateral kills)
  A ghost moth (Spider:4)
  A vault guard (Vaults:2)
  Josephine (Orc:4)
  A great orb of eyes (Vaults:2)
  An ogre mage (Vaults:2)
  A phantasmal warrior (Vaults:3)
  3 orb spiders (Spider:4)
  A wolf spider (Spider:4)
  A deep elf conjurer (Vaults:3)
  3 hornets
  2 manticores (Shoals:4)
  A siren (Shoals:4)
  2 vault sentinels (Vaults:3)
  2 jumping spiders (Spider:4)
  A merfolk (Shoals:4)
  5 trapdoor spiders (Spider:4)
  4 redbacks
  2 tarantellas (Spider:4)
  A water elemental (Shoals:4)
  A vampire mosquito (Vaults:2)
  An ogre (Vaults:2)
  2 orcs (Vaults:2)
38 creatures vanquished.

Vanquished Creatures (others)
  An acid blob (Lair:7)
  A tengu reaver (Vaults:4)
  2 ironheart preservers
  A hydra (Lair:7)
  An orc high priest (Orc:4)
  An ogre mage (Vaults:1)
  A wizard (D:15)
  A deep troll (Vaults:2)
  A griffon (Shoals:1)
  2 hornets (Spider:4)
  An ugly thing (Vaults:1)
  A manticore (Shoals:4)
  A deep elf conjurer (Elf:3)
  An orc knight (Vaults:1)
  An elephant (Lair:8)
  6 yaktaurs
  2 jumping spiders
  3 two-headed ogres
  2 slime creatures
  A water elemental (Shoals:1)
  A redback (Spider:3)
  A human (Spider:4)
  A yak (Lair:1)
  2 wolves (IceCv)
  2 orc warriors
  5 ogres
  A centaur (Vaults:3)
  A small abomination (Crypt:3)
  An orc wizard (Orc:1)
  An orc priest (Vaults:1)
  A sheep (Lair:5)
  4 orcs
  A bush (Lair:7)
  2 fire vortices (Vaults:2)
  20 fungi
  4 lost souls
  17 plants
  10 tentacles (Shoals:4)
  574 tentacle segments (Shoals:4)
680 creatures vanquished.

Grand Total: 2881 creatures vanquished

Action                   |  1- 3 |  4- 6 |  7- 9 | 10-12 | 13-15 | 16-18 | 19-21 | 22-24 || total
-------------------------+-------+-------+-------+-------+-------+-------+-------+-------++-------
Melee: Unarmed           |    17 |       |       |       |       |       |       |       ||    17
       Whip              |    16 |       |       |       |       |       |       |       ||    16
       Dagger            |       |    16 |    33 |       |       |       |       |       ||    49
       Spear             |       |       |    71 |   563 |  2196 |  1331 |  1247 |    60 ||  5468
       Demon trident     |       |       |       |       |   273 |   117 |   695 |       ||  1085
       Staff             |       |       |       |       |     1 |     2 |     1 |       ||     4
       Trident           |       |       |       |       |       |    81 |       |       ||    81
 Fire: Blowgun           |       |       |       |    22 |       |       |       |       ||    22
 Cast: Shock             |    65 |   117 |   492 |   128 |    34 |     3 |       |       ||   839
       Repel Missiles    |       |     1 |       |     2 |     1 |     6 |     4 |       ||    14
       Agony             |       |       |       |    88 |   396 |   205 |   135 |     2 ||   826
       Dispel Undead     |       |       |       |     3 |    39 |    23 |   175 |       ||   240
       Swiftness         |       |       |       |     1 |     3 |     2 |       |       ||     6
       Simulacrum        |       |       |       |       |     3 |     2 |     3 |       ||     8
       Animate Dead      |       |       |       |       |     1 |     4 |     4 |       ||     9
       Freezing Cloud    |       |       |       |       |       |     5 |       |       ||     5
       Regeneration      |       |       |       |       |       |     6 |    15 |     1 ||    22
Invok: Sacrifice Stealth |       |       |     1 |       |       |       |       |       ||     1
       Sacrifice Arcana  |       |       |       |     1 |       |       |       |       ||     1
       Reject Sacrifices |       |       |       |     1 |     3 |       |       |       ||     4
       Sacrifice Words   |       |       |       |     1 |       |       |       |       ||     1
       Sacrifice Purity  |       |       |       |       |     2 |       |       |       ||     2
       Sacrifice Skill   |       |       |       |       |     1 |       |       |       ||     1
       Sacrifice Experie |       |       |       |       |     1 |       |       |       ||     1
       Draw Out Power    |       |       |       |       |     1 |     1 |       |       ||     2
       Apocalypse        |       |       |       |       |       |     7 |     2 |     3 ||    12
       Power Leap        |       |       |       |       |       |     2 |       |       ||     2
Evoke: Wand              |       |       |       |       |     5 |     4 |     3 |     3 ||    15
       Fan of gales      |       |       |       |       |     1 |     2 |       |     1 ||     4
       Lamp of fire      |       |       |       |       |       |     2 |     1 |     1 ||     4
       Box of beasts     |       |       |       |       |       |     1 |       |     1 ||     2
       Sack of spiders   |       |       |       |       |       |     1 |       |       ||     1
       Phial of floods   |       |       |       |       |       |     1 |     1 |     1 ||     3
  Use: Potion            |     9 |     4 |     4 |    37 |    65 |    36 |    33 |       ||   188
       Scroll            |       |     9 |    14 |     9 |    28 |    16 |    15 |     2 ||    93
 Stab: Sleeping          |       |     1 |     1 |       |       |       |       |       ||     2
       Invisible         |       |       |       |     2 |    26 |    31 |    15 |       ||    74
       Paralysed         |       |       |       |       |     7 |    19 |    18 |     3 ||    47
       Distracted        |       |       |       |       |     8 |     8 |    11 |       ||    27
  Eat: Corpse            |       |     8 |    45 |    36 |   111 |    73 |    43 |       ||   316

Vault maps used:
D:1:      lightli_iron_boxes, serial_bayou_lagoon_a, grunt_decor_clamped,
          nemelex_xobeh_ov_fountains_minmay
D:3:      lemuel_castle_with_subvaults, uniq_grinder
D:4:      okawaru_metal_pillars_1_2, kennysheep_generic_room_15
D:5:      first_bread, serial_shops, nicolae_shop_scaring_up_business
D:6:      minitemple, hangedman_decor_growths
D:7:      gammafunk_temple_overflow_elements, minmay_temple_entry_large_hall
D:8:      lemuel_crystal_altar, lair_0_dummy, serial_shops, shop_fountains,
          uniq_gastronok
D:9:      amethyst_overflow_temple_binary, basic_altar, serial_shops,
          kennysheep_mini, uniq_prince_ribbit1
D:11:     lemuel_upstairs_altar, the_bakery, uniq_nergalle
D:12:     david_orc_1_choice
D:13:     erik_vaults_1
D:14:     special_room, serial_park_gazebo
D:15:     grunt_enter_depths_magical_seal, minmay_misc_feat_rugged,
          enter_trove_5
Temple:   roderic_octagonal_lattice_temple
Lair:1:   portal_ice_cave_entry_ice_beasts, grunt_forest_large_clearings
Lair:2:   serial_bayou_shore_b
Lair:3:   beast_lair_carwin_5, uniq_maud
Lair:4:   minmay_shoals_entry_lonely_mermaid, hangedman_lair_generics_rect
Lair:5:   spider_nest_entry_webs, uniq_nessos
Lair:7:   dpeg_slime_entry_enclosed_altar, uniq_snorg
Lair:8:   hangedman_lair_in_review, st_stairs_8
Shoals:1: nicolae_shoals_island_circles
Shoals:3: nicolae_shoals_isolated_beach
Shoals:4: shoals_end_hangedman, shoals_ilsuiw_alternative
Spider:1: hangedman_spider_trapstep
Spider:2: uniq_aizul
Spider:4: grunt_spider_rune_parallel, uniq_kirke
Slime:2:  nicolae_slime_welcoming_committee
Orc:1:    lightli_orcish_oven, uniq_fannar, uniq_harold
Orc:2:    basic_altar
Orc:3:    nicolae_orc_pool_cavern, nicolae_orc_flooded_monolith
Orc:4:    st_orc_mages, serial_shops, shop, basic_altar, uniq_josephine
Elf:1:    serial_shops, nicolae_shop_crystal, minmay_elf_necromancy
Elf:2:    spider_trap, hangedman_summoners_spam
Elf:3:    grunt_elf_hall_branching, serial_shops, shop
Vaults:1: hangedman_vaults_maws, hangedman_vaults_nodes, v_misc_24,
          hangedman_vaults_pinch, ontoclasm_vaults_chip, st_hourglassy,
          v_misc_9, vaults_standard_mumra_enter_the_diamond, v_misc_14,
          basic_altar, serial_shops, nicolae_shop_statue_plus
Vaults:2: nicolae_vaults_mini_display_case, hangedman_vaults_unwind,
          nicolae_vaults_twisting_passages, nicolae_vaults_asterisk,
          vaults_mumra_chevron_long, nicolae_vaults_shelves_hall,
          vaults_dpeg_diagonal, ontoclasm_vaults_shuriken, st_check, v_misc_1,
          vaults_mumra_minichess_inversion, uniq_donald
Vaults:3: v_misc_2, v_rooms_2, vaults_room_boxed, nicolae_vaults_little_ls,
          vaults_standard_mumra_lines, vaults_room_pools,
          dpeg_vaults_monster_row, vaults_dpeg_encased_lava,
          minmay_crypt_entry_simple_box, ontoclasm_vaults_eye, serial_shops,
          shop
Vaults:4: st_greater_box_4, vaults_mumra_hexcomb, v_misc_27, v_misc_2,
          hangedman_vaults_trim, nicolae_vaults_little_squares_2,
          nicolae_vaults_rhombus_5, ontoclasm_vaults_bender,
          nicolae_vaults_little_squares_5, vaults_room_corners,
          nicolae_vaults_little_squares_4, nicolae_vaults_circle_grid_b,
          vaults_dpeg_ring, uniq_margery
Crypt:1:  grunt_crypt_arrival_guarded_gate, uniq_jory, uniq_boris
Crypt:3:  grunt_crypt_end_deaths_head, uniq_mennas
IceCv:    ice_cave_caverns_03
